[Event "*** Titled Tuesday Blitz"]
[Site "Chess.com"]
[Date "2018.05.01"]
[Round "9"]
[White "MartinMatthiesen"]
[Black "ChainsOfFantasia"]
[Result "1-0"]
[WhiteElo "2385"]
[BlackElo "2406"]
[TimeControl "180+2"]
[EndTime "14:59:46 PDT"]
[Termination "MartinMatthiesen won by checkmate"]

1. d4 Nf6 2. c4 e6 3. Nc3 d5 4.
cxd5 exd5 5. Bg5 Be7 6. e3 c6 7. Bd3 Nbd7 8. Nge2 Nh5 9. Bxe7 Qxe7 10. O-O g6 11.
Qd2 O-O 12. f3 Nhf6 13. Rae1 c5 14. g4 Nb6 15. Nf4 Rd8 16. Qf2 Be6 17. h4 Rac8 18.
g5 Ne8 19. Qg3 Nd6 20. e4 dxe4 21. Nxe4 Nf5 22. Qf2 Rxd4 23. Nf6+ Kh8 24. Bxf5 Rxf4 25. Bxe6 fxe6 26. Qg3 Rf5 27. Re5 Nd7 28. Rxf5 gxf5 29. Nh5 c4 30. Rd1 Rd8 31. Rxd7 Qc5+ 32. Kg2 Rxd7 33.
Qb8+ Rd8 34. Qxd8+ Qf8 35. Qxf8# 1-0

[Event "*** Titled Tuesday Blitz"]
[Site "Chess.com"]
[Date "2018.05.01"]
[Round "9"]
[White "Kirill_Klukin"]
[Black "b_6"]
[Result "0-1"]
[WhiteElo "2480"]
[BlackElo "2328"]
[TimeControl "180+2"]
[EndTime "14:59:52 PDT"]
[Termination "b_6 won by resignation"]

1. Nf3 d5 2. d4 Nf6 3. c4 e6 4. Nc3 c5 5. cxd5 Nxd5 6. e4 Nxc3 7. bxc3 cxd4 8. cxd4 Bb4+ 9. Bd2 Bxd2+ 10. Qxd2 O-O 11. Be2 b6 12. O-O Bb7 13. Qe3 Nd7 14. Rfd1 Nf6 15. Bd3 Qe7 16. Rac1 Rac8 17. h3 Rxc1 18.
Rxc1 Rc8 19. Rxc8+ Bxc8 20. e5 Nd5 21. Qc1 Qc7 22. Qb1 g6 23. Be4 Nc3 24. Qc2 Nd5 25.
Qb3 Bb7 26. Kh2 Qc1 27. g3 Qf1 28. Qb2 Ne3 29. fxe3 Bxe4 30. Ng1 Bd5 31. Qe2 Qb1 32. a3 Qe4 0-1

[Event "*** Titled Tuesday Blitz"]
[Site "Chess.com"]
[Date "2018.05.01"]
[Round "9"]
[White "Synctel"]
[Black "AndrewMcStone"]
[Result "0-1"]
[WhiteElo "1907"]
[BlackElo "2036"]
[TimeControl "180+2"]
[EndTime "14:59:56 PDT"]
[Termination "AndrewMcStone won on time"]

1. e4 Nc6 2. Nf3 d6 3. Nc3 Nf6 4. Bc4 g6 5. d3 Bg7 6. a3 O-O 7. O-O Bg4 8. h3 Bxf3 9. Qxf3 Ne5 10. Qe2 Nxc4 11. dxc4 c5 12. Rd1 Qd7 13. e5 Ne8 14. Bf4 Rd8 15. Nb5 a6 16. exd6 e5 17. Bxe5 axb5 18.
Bxg7 Nxg7 19. cxb5 Rfe8 20. Qc4 b6 21. Rd5 Re6 22. Rad1 Nf5 23. a4 Rxd6 24. Rxd6 Nxd6 25. Qd5 Qc8 26. a5 Nb7 0-1

[Event "*** Titled Tuesday Blitz"]
[Site "Chess.com"]
[Date "2018.05.01"]
[Round "9"]
[White "Perecke"]
[Black "FearNoEvil12"]
[Result "1-0"]
[WhiteElo "1967"]
[BlackElo "1958"]
[TimeControl "180+2"]
[EndTime "14:59:57 PDT"]
[Termination "Perecke won by checkmate"]

1. e4 a6 2. d4 b5 3. f4 Bb7 4.
Bd3 e6 5. Nf3 c5 6. O-O Nf6 7.
e5 Nd5 8. c4 bxc4 9. Bxc4 Qb6 10. Bxd5 Bxd5 11. Nc3 Bb7 12. Rb1 Nc6 13. Be3 cxd4 14.
Nxd4 Bc5 15. Na4 Bxd4 16. Nxb6 Bxe3+ 17. Kh1 Bxb6 18. Qb3 Bd8 19. Qxb7 Rb8 20. Qxa6 O-O 21. Rfd1 Nb4 22. Qc4 Nd5 23. f5 Bb6 24. fxe6 dxe6 25. Qh4 h6 26. Rd3 Rfc8 27. Rg3 Be3 28. Qe4 Rxb2 29. Rf1 Rcc2 30. Rxe3 Nxe3 31. Qxe3 Rxg2 32.
Qf4 Kh8 33. a4 h5 34. a5 f6 35. exf6 g5 36. Qe5 Rbe2 37. f7+ Kh7 38. f8=Q Rxe5 39.
Rf7+ Kg6 40. Qg7# 1-0

[Event "*** Titled Tuesday Blitz"]
[Site "Chess.com"]
[Date "2018.05.01"]
[Round "9"]
[White "Fins0905"]
[Black "HarutyunianTigranK"]
[Result "0-1"]
[WhiteElo "2576"]
[BlackElo "2727"]
[TimeControl "180+2"]
[EndTime "15:00:02 PDT"]
[Termination "HarutyunianTigranK won by checkmate"]

1. d4 Nf6 2. Nf3 d5 3. c4 e6 4. Bg5 dxc4 5. Qa4+ Nbd7 6. e3 Be7 7. Bxc4 O-O 8. Be2 a6 9. O-O c5 10. Rd1 b5 11.
Qc2 Qb6 12. Nc3 Bb7 13. a4 b4 14. a5 Qa7 15. Na4 Rac8 16. Bxf6 Bxf6 17. Qd2 Rfd8 18. Qe1 Bxf3 19. Bxf3 cxd4 20. exd4 Bxd4 21. Qxb4 Ne5 22. Be2 Bxf2+ 23. Kh1 Nc6 24. Rxd8+ Rxd8 25. Qc3 Nd4 26. Bf1 Nf5 27. Qc4 h5 28. Qxa6 Qd4 29. Qc4 Qe5 30. Qe2 Be3 31. Qf3 Rd4 32. a6 Rf4 33.
Qb7 Rh4 34. g3 Rxh2+ 35. Kxh2 Qxg3+ 36. Kh1 Qg1# 0-1

[Event "*** Titled Tuesday Blitz"]
[Site "Chess.com"]
[Date "2018.05.01"]
[Round "9"]
[White "djano"]
[Black "Bryakin_Mikhail"]
[Result "0-1"]
[WhiteElo "2451"]
[BlackElo "2601"]
[TimeControl "180+2"]
[EndTime "15:00:02 PDT"]
[Termination "Bryakin_Mikhail won by resignation"]

1. e4 c6 2. d4 d5 3. e5 Bf5 4. Nf3 e6 5. Nbd2 Nd7 6. Nb3 Bg6 7. Be2 Nh6 8. O-O Nf5 9. c4 dxc4 10. Bxc4 Nb6 11. Bd3 Nd5 12. Re1 Be7 13. g4 Nh4 14.
Nxh4 Bxh4 15. Nc5 Rb8 16. Ne4 Bxe4 17. Rxe4 Bg5 18. f4 Be7 19. f5 Bg5 20. Bd2 h6 21.
Qe2 Qb6 22. b3 a5 23. Rf1 Ra8 24. Be1 a4 25. Bc4 axb3 26. Bxb3 Qa6 27. Qf3 Be7 28.
f6 gxf6 29. exf6 Bd6 30. Kh1 Kd7 31. Re2 Rag8 32. h3 h5 33. gxh5 Rg5 34. h4 Rgxh5 35. Re4 Rf5 36. Qxf5 exf5 37. Rxf5 Qd3 38. Bc2 Qh3+ 0-1

[Event "*** Titled Tuesday Blitz"]
[Site "Chess.com"]
[Date "2018.05.01"]
[Round "9"]
[White "nihalsarin"]
[Black "chessking2151"]
[Result "1-0"]
[WhiteElo "2726"]
[BlackElo "2425"]
[TimeControl "180+2"]
[EndTime "15:00:04 PDT"]
[Termination "nihalsarin won by resignation"]

1. Nf3 Nf6 2. c4 e6 3. g3 d5 4.
Bg2 d4 5. O-O c5 6. e3 Nc6 7.
exd4 cxd4 8. d3 Bd6 9. Bg5 h6 10. Bxf6 Qxf6 11. Nbd2 Qd8 12. a3 a5 13. Re1 O-O 14. h4 e5 15. Rc1 Bf5 16. Ne4 Re8 17. Qb3 Bxe4 18. Rxe4 Qd7 19. c5 Bc7 20. Rce1 a4 21.
Qb5 Ra5 22. Qc4 Qe6 23. Nxd4 Qxc4 24. dxc4 Rxc5 25. Nb5 Bb8 26. Nc3 Ra5 27. Rd1 f5 28.
Ree1 e4 29. Rd5 Rxd5 30. cxd5 Ne7 31. Bf1 Be5 32. Nxa4 Kf8 33. Rd1 Rd8 34. Bc4 g5 35. hxg5 hxg5 36. Nc5 Rc8 37. Nd7+ 1-0

[Event "*** Titled Tuesday Blitz"]
[Site "Chess.com"]
[Date "2018.05.01"]
[Round "9"]
[White "GoingKronos"]
[Black "FearlessKing64"]
[Result "1-0"]
[WhiteElo "2364"]
[BlackElo "2159"]
[TimeControl "180+2"]
[EndTime "15:00:06 PDT"]
[Termination "GoingKronos won by resignation"]

1. Nf3 c5 2. e4 d6 3. Bb5+ Nd7 4.
d4 a6 5. Bxd7+ Qxd7 6. Nc3 cxd4 7. Qxd4 Nf6 8. Bg5 h6 9. Bxf6 gxf6 10. Nd5 Qc6 11.
O-O-O Be6 12. Nh4 Rc8 13. c3 h5 14. Nf5 b5 15. Kb1 Qc5 16. Qd2 a5 17. Rhe1 h4 18. Qe2 b4 19. cxb4 axb4 20. Rc1 Qa5 21. Rxc8+ Bxc8 22. Qc4 Bd7 23. Rc1 Bh6 24. f4 Bxf5 25. exf5 O-O 26.
Nxe7+ Kh7 27. g3 h3 28. Qd5 Kg7 29. Qxa5 1-0

[Event "*** Titled Tuesday Blitz"]
[Site "Chess.com"]
[Date "2018.05.01"]
[Round "9"]
[White "Kouzari"]
[Black "RodinMihail"]
[Result "0-1"]
[WhiteElo "2616"]
[BlackElo "2435"]
[TimeControl "180+2"]
[EndTime "15:00:20 PDT"]
[Termination "RodinMihail won by resignation"]

1. d4 d5 2. c4 e6 3. Nc3 c6 4. e4 dxe4 5. Nxe4 Bb4+ 6. Bd2 Qxd4 7. Bxb4 Qxe4+ 8. Be2 Nd7 9. Nf3 Ne7 10. O-O c5 11. Bc3 f6 12. Re1 Qc6 13. b4 e5 14. b5 Qc7 15.
Bd3 O-O 16. Qc2 g6 17. h4 Re8 18. h5 Nf8 19. hxg6 hxg6 20. Nxe5 fxe5 21. Rxe5 Bf5 22. Rae1 Qd7 23. Bxf5 Nxf5 24. Rd1 Nd4 25. Bxd4 cxd4 26. Rd5 Qg7 27. R1xd4 Re1+ 28. Kh2 Rae8 29. Rg4 R1e2 30. Qd3 Rxf2 31. Rdg5 Rf6 32. c5 Rfe6 33. Qd5 Qf7 34. a4 Kg7 35. Rg3 Qf4 36. Qxb7+ R8e7 37. Qf3 Qh4+ 38. Kg1 Re1+ 39. Kf2 Qd4+ 40. Qe3 R1xe3 41. Rxe3 Qf4+ 0-1

[Event "*** Titled Tuesday Blitz"]
[Site "Chess.com"]
[Date "2018.05.01"]
[Round "9"]
[White "Korchmar_Vasiliy"]
[Black "AnishGiri"]
[Result "0-1"]
[WhiteElo "2725"]
[BlackElo "2859"]
[TimeControl "180+2"]
[EndTime "15:00:26 PDT"]
[Termination "AnishGiri won by resignation"]

1. d4 Nf6 2. Nf3 d5 3. Bf4 Bf5 4. e3 e6 5. Nbd2 Be7 6. Ne5 h6 7. Be2 Nbd7 8. c3 c6 9. g4 Bh7 10. h4 Ne4 11. h5 O-O 12. Nxd7 Qxd7 13. Nxe4 Bxe4 14. f3 Bh7 15. Bd3 Bxd3 16. Qxd3 c5 17.
O-O-O b5 18. dxc5 Bxc5 19. g5 hxg5 20. Bxg5 f6 21. Bf4 e5 22. Bg3 Rad8 23. h6 g5 24. Qg6+ Kh8 25. Rxd5 Bxe3+ 26. Kc2 Qh7 27. Qxh7+ Kxh7 28. Rxb5 Rf7 29. Rh2 Rfd7 30. Kb3 Kg6 31. a4 Rd2 32. Rh1 Rh8 33. Bxe5 fxe5 34. Rxe5 Bf4 35. Re6+ Kf5 36. Rc6 Rb8+ 37. Kc4 Rdxb2 38. h7 Rh8 39. Rhh6 Be5 40. Rc5 Rb7 41. Ra6 Rhxh7 42. Raa5 Rbc7 43. Kd5 Rhd7+ 0-1

[Event "*** Titled Tuesday Blitz"]
[Site "Chess.com"]
[Date "2018.05.01"]
[Round "9"]
[White "tigra"]
[Black "gmjlh"]
[Result "1-0"]
[WhiteElo "2723"]
[BlackElo "2612"]
[TimeControl "180+2"]
[EndTime "15:00:36 PDT"]
[Termination "tigra won by resignation"]

1. d4 d5 2. Bf4 Nf6 3. Nc3 a6 4. e4 dxe4 5. f3 exf3 6. Nxf3 Bg4 7. Bc4 e6 8. O-O Nc6 9. d5 Bc5+ 10. Kh1 exd5 11. Re1+ Ne7 12. Nxd5 Nxd5 13. Bxd5 O-O 14. Bxb7 Qxd1 15. Raxd1 Rab8 16. Bxa6 Rxb2 17. Bc4 Ng6 18. Bxc7 Rc8 19. Bg3 Bb4 20. Bb3 Bxe1 21. Rxe1 Bxf3 22. gxf3 h5 23. Rc1 h4 24. Bd6 h3 25. Ba3 Rxb3 26.
axb3 Nh4 27. c4 Nxf3 28. c5 Re8 29. c6 Re2 30. Bd6 Re8 31. c7 Rc8 32. Rd1 f6 33.
Bf4 Kf7 34. Rd8 Rxc7 35. Bxc7 1-0

[Event "*** Titled Tuesday Blitz"]
[Site "Chess.com"]
[Date "2018.05.01"]
[Round "9"]
[White "LuisFSiles"]
[Black "bangchess21"]
[Result "1/2-1/2"]
[WhiteElo "2250"]
[BlackElo "2497"]
[TimeControl "180+2"]
[EndTime "15:00:37 PDT"]
[Termination "Game drawn by repetition"]

1. e4 c5 2. Nf3 g6 3. c4 Nc6 4. d4 cxd4 5. Nxd4 Nf6 6. Nc3 d6 7. Be2 Nxd4 8. Qxd4 Bg7 9. Be3 O-O 10. Qd2 Be6 11. f3 a5 12. b3 Nd7 13. Rc1 Nc5 14. O-O Qb6 15. Rb1 Rfc8 16. Rfc1 Qb4 17. Nb5 Qxd2 18. Bxd2 f5 19. Bc3 Bh6 20. Re1 fxe4 21.
fxe4 Be3+ 22. Kh1 Bf2 23. Rf1 Nxe4 24. Bf3 Nxc3 25. Nxc3 Bd4 26. Nb5 Be5 27. Bxb7 Rab8 28. Bxc8 Rxc8 29. Rbe1 Kg7 30. h3 Bf5 31. Rxe5 dxe5 32.
Re1 Kf6 33. Nc3 Rd8 34. Nd5+ Ke6 35. g4 Bd3 36. Nf4+ Kf6 37. Nd5+ Ke6 38. Nf4+ Kf6 39.
Nd5+ Ke6 40. Nf4+ 1/2-1/2

[Event "*** Titled Tuesday Blitz"]
[Site "Chess.com"]
[Date "2018.05.01"]
[Round "9"]
[White "daro94"]
[Black "Firouzja2003"]
[Result "0-1"]
[WhiteElo "2723"]
[BlackElo "2855"]
[TimeControl "180+2"]
[EndTime "15:00:38 PDT"]
[Termination "Firouzja2003 won on time"]

1. Nf3 c5 2. g3 Nc6 3. c4 g6 4.
Bg2 Bg7 5. O-O Nf6 6. d4 cxd4 7. Nxd4 O-O 8. Nc3 Qa5 9. e3 Ne5 10. Qe2 d6 11. Bd2 Qa6 12. b3 Bg4 13. f3 Bd7 14. e4 Rac8 15. Rfd1 Nc6 16. Nc2 h5 17. Rac1 Ne5 18. Ne3 h4 19. g4 Nc6 20. Be1 g5 21.
Qd2 Nh7 22. Ncd5 e6 23. Nc3 Rfd8 24. Bf2 Be5 25. Bf1 Nd4 26. Be2 Nxe2+ 27. Qxe2 Nf8 28. Qd2 Ng6 29. Ng2 h3 30. Ne1 Nf4 31. Nd3 Qa5 32. Nxf4 Bxf4 33. Be3 Bxe3+ 34. Qxe3 Be8 35. Nb5 f6 36.
Nxd6 Qxa2 37. Qf2 Qxb3 38. Nxc8 Rxd1+ 39. Rxd1 Qxd1+ 40. Qf1 Qd4+ 41. Qf2 Qxc4 42. Nd6 Qc1+ 43. Qf1 Qc5+ 44. Kh1 Qxd6 0-1

[Event "*** Titled Tuesday Blitz"]
[Site "Chess.com"]
[Date "2018.05.01"]
[Round "9"]
[White "chidori_boruto"]
[Black "Kimster98"]
[Result "0-1"]
[WhiteElo "2520"]
[BlackElo "2541"]
[TimeControl "180+2"]
[EndTime "15:00:38 PDT"]
[Termination "Kimster98 won by resignation"]

1. d4 Nf6 2. Bf4 d5 3. e3 e6 4. Nf3 Bd6 5. Bg3 O-O 6. Nbd2 c5 7. c3 b6 8. Bd3 Ba6 9. Bxa6 Nxa6 10. O-O Nb8 11.
Ne5 Qc7 12. f4 Nc6 13. Qf3 Nd7 14. Rad1 f5 15. Nxc6 Qxc6 16. Nc4 Nf6 17. Bh4 Ne4 18. Nd2 Nxd2 19. Rxd2 b5 20. g4 g6 21. Rg2 b4 22.
gxf5 Rxf5 23. Rxg6+ hxg6 24. Kh1 Kf7 25. Rg1 Rg8 26.
Bg5 Be7 27. Qh3 Bxg5 28. fxg5 Qc8 29. Qg3 Qb8 30. Qg2 Rh8 31. dxc5 bxc3 32. bxc3 Qe5 33.
c4 Qe4 34. cxd5 Qxg2+ 35. Rxg2 Rf1+ 36. Rg1 Rxg1+ 37. Kxg1 exd5 38. Kg2 Rc8 39. Kf3 Rxc5 40. Kf4 Rc4+ 41. Ke5 Re4+ 42. Kxd5 Rxe3 43. Kc6 Rh3 44. a4 Rxh2 45. Kb7 Ra2 0-1

[Event "*** Titled Tuesday Blitz"]
[Site "Chess.com"]
[Date "2018.05.01"]
[Round "9"]
[White "Last7Samurai"]
[Black "Ginger_GM"]
[Result "0-1"]
[WhiteElo "2636"]
[BlackElo "2517"]
[TimeControl "180+2"]
[EndTime "15:00:45 PDT"]
[Termination "Ginger_GM won by resignation"]

1. e4 c5 2. Nf3 d6 3. d4 cxd4 4. Nxd4 Nf6 5. Nc3 g6 6. Be3 Bg7 7. f3 Nc6 8. Qd2 Bd7 9. O-O-O Rc8 10. Kb1 Ne5 11. g4 O-O 12. h4 b5 13. h5 Nxf3 14. Nxf3 Bxg4 15. Be2 b4 16. Nd5 Nxe4 17. Qxb4 e6 18. hxg6 Rb8 19. Nb6 Rxb6 20. Bxb6 Qxb6 21. Qxb6 axb6 22. gxh7+ Kh8 23. Rdg1 Bxf3 24. Bxf3 Nd2+ 25. Kc1 Nxf3 26. Rg4 Ne5 27. Rb4 Nd7 28. Rc4 d5 29.
Rc7 Ne5 30. Rb7 f5 31. Rxb6 Nc4 32. Rxe6 Bxb2+ 33. Kd1 f4 34. Rg6 Bg7 35. Rhg1 Rf7 36. Ke2 f3+ 37. Kd3 Ne5+ 38. Ke3 Nxg6 39. Rxg6 f2 0-1

[Event "*** Titled Tuesday Blitz"]
[Site "Chess.com"]
[Date "2018.05.01"]
[Round "9"]
[White "sergiochess83"]
[Black "MartinZumsande"]
[Result "0-1"]
[WhiteElo "2769"]
[BlackElo "2536"]
[TimeControl "180+2"]
[EndTime "15:00:46 PDT"]
[Termination "MartinZumsande won by resignation"]

1. e4 e6 2. d4 d5 3. Nd2 Be7 4. e5 c5 5. c3 Nc6 6. Bd3 cxd4 7. cxd4 Nh6 8. Ne2 Nf5 9. Nf3 Bd7 10. O-O Rc8 11.
g4 Nh4 12. Nxh4 Bxh4 13. f4 f6 14. Be3 Qe7 15. a3 O-O 16. b4 fxe5 17. dxe5 d4 18.
Nxd4 Nxd4 19. Bxd4 Rfd8 20. Qb1 Kh8 21. Ra2 Bb5 22.
Bxb5 Rxd4 23. Bd3 Rc3 24. Be4 Qd8 25. Re2 Rxa3 26. Bxh7 Rd2 27. Qc1 Rxe2 28. Qxa3 Qd4+ 29. Kh1 Kxh7 30. Qh3 Qe4+ 31. Rf3 Re1+ 0-1

[Event "*** Titled Tuesday Blitz"]
[Site "Chess.com"]
[Date "2018.05.01"]
[Round "9"]
[White "toad"]
[Black "Andnar"]
[Result "0-1"]
[WhiteElo "2184"]
[BlackElo "2369"]
[TimeControl "180+2"]
[EndTime "15:00:46 PDT"]
[Termination "Andnar won by checkmate"]

1. d4 d5 2. c4 Nc6 3. cxd5 Qxd5 4. e3 e5 5. Nc3 Bb4 6. Bd2 Bxc3 7. bxc3 Qd6 8. Bd3 Nf6 9. Ne2 O-O 10. O-O e4 11. Bc2 Ng4 12. Ng3 f5 13. h3 Nf6 14. c4 Bd7 15. Rb1 b6 16. Ba4 a5 17. Qc2 Rae8 18.
Rfc1 f4 19. Nf1 f3 20. c5 bxc5 21. Qxc5 fxg2 22. Ng3 Nxd4 23. Qxd4 Qxd4 24. exd4 Bxa4 25. Rxc7 e3 26. Bxe3 Nd5 27. Ra7 Nxe3 28. fxe3 Rxe3 29. Nh5 Bc2 30. Rc1 Be4 31. Rxg7+ Kh8 32. Rg3 Re2 33.
h4 Ref2 34. Re3 Rf1+ 35. Kh2 g1=Q+ 36. Kh3 Bf5# 0-1

[Event "*** Titled Tuesday Blitz"]
[Site "Chess.com"]
[Date "2018.05.01"]
[Round "9"]
[White "Vamostodorecto"]
[Black "windking123"]
[Result "0-1"]
[WhiteElo "2370"]
[BlackElo "2304"]
[TimeControl "180+2"]
[EndTime "15:00:47 PDT"]
[Termination "windking123 won by resignation"]

1. d4 Nf6 2. c4 c5 3. d5 e6 4.
Nc3 exd5 5. cxd5 d6 6. e4 g6 7. f4 Bg7 8. e5 Nfd7 9. Ne4 dxe5 10. Nd6+ Kf8 11. f5 Nf6 12. Nxc8 Qxc8 13. fxg6 hxg6 14. Bc4 Rh4 15. Be2 Rd4 16. Qc2 Rxd5 17. Nf3 Nc6 18. Bc4 Nb4 19. Qe2 e4 20. Bxd5 Nbxd5 21. Ng5 Qg4 22.
Qf2 e3 23. Qg3 Qb4+ 24. Kf1 Qc4+ 25. Kg1 Re8 26. h3 Nh5 27. Qd6+ Kg8 28. Qd7 Ndf6 29. Qc7 e2 30. Bd2 Qd4+ 31. Kh2 Qxd2 32. Qxf7+ Kh8 33. Rhe1 Qxg5 34. Qxb7 Qg3+ 35. Kg1 Nf4 36. Qf3 Qxf3 37. gxf3 Nd3 38. Rab1 Nd5 39. Rxe2 Rxe2 0-1

[Event "*** Titled Tuesday Blitz"]
[Site "Chess.com"]
[Date "2018.05.01"]
[Round "9"]
[White "StoreySniper"]
[Black "Blitzstream"]
[Result "0-1"]
[WhiteElo "2359"]
[BlackElo "2476"]
[TimeControl "180+2"]
[EndTime "15:00:58 PDT"]
[Termination "Blitzstream won by resignation"]

1. d4 g6 2. h4 h6 3. c3 Bg7 4.
Bf4 d6 5. Nf3 e6 6. Qb3 Ne7 7.
Nbd2 Nd7 8. e4 b6 9. a4 a6 10. a5 b5 11. c4 bxc4 12. Bxc4 Rb8 13. Qa2 O-O 14. O-O Bb7 15. Rfe1 d5 16. Bd3 dxe4 17.
Bxe4 Nd5 18. Bg3 N7f6 19. Rac1 Nxe4 20. Nxe4 Qe8 21. Nc5 Qb5 22. h5 g5 23. Ne5 Bc8 24.
Ncd3 Nb4 25. Qa3 Nxd3 26. Nxd3 Bxd4 27. Rxc7 Bb7 28. Rxe6 Qd5 29. Rxb7 Rxb7 30. Rxh6 Rb3 31. Qe7 Rxd3 32. Rd6 Qc5 33. Kh2 Rxg3 34. fxg3 g4 35. h6 Qh5+ 36. Qh4 Qxh4+ 37. gxh4 Be5+ 0-1

[Event "*** Titled Tuesday Blitz"]
[Site "Chess.com"]
[Date "2018.05.01"]
[Round "9"]
[White "Abrito99"]
[Black "Alexander_Donchenko"]
[Result "1-0"]
[WhiteElo "2522"]
[BlackElo "2649"]
[TimeControl "180+2"]
[EndTime "15:01:01 PDT"]
[Termination "Abrito99 won by checkmate"]

1. e4 c6 2. Nc3 d5 3. Nf3 dxe4 4. Nxe4 Nf6 5. Nxf6+ exf6 6. d4 Bd6 7. h3 O-O 8. Be2 Bf5 9. O-O h6 10. Be3 Re8 11.
c4 Nd7 12. Re1 Qc7 13. Bf1 Rad8 14. Qb3 Be6 15. Qc2 c5 16. d5 Bxh3 17. gxh3 Bf4 18.
Qd2 Rxe3 19. Rxe3 f5 20. Rae1 Nf6 21. Qd3 g6 22. Re7 Qd6 23. Rxb7 a5 24. Ree7 Rf8 25.
Qe2 Ne4 26. Rxe4 fxe4 27. Qxe4 Qf6 28. Re7 Kg7 29. b3 Bd6 30. Ra7 h5 31. Bd3 Re8 32. Qxe8 Qxf3 33. Bf1 Qf4 34. Bd3 Qf3 35. Qe4 Qxh3 36.
Qxg6+ Kh8 37. Qh7# 1-0

[Event "*** Titled Tuesday Blitz"]
[Site "Chess.com"]
[Date "2018.05.01"]
[Round "9"]
[White "Alopekos"]
[Black "Mikhail_Golubev"]
[Result "0-1"]
[WhiteElo "2311"]
[BlackElo "2375"]
[TimeControl "180+2"]
[EndTime "15:01:04 PDT"]
[Termination "Mikhail_Golubev won by resignation"]

1. e4 c5 2. Nf3 d6 3. d4 cxd4 4. Nxd4 Nf6 5. Nc3 g6 6. Be3 Bg7 7. f3 Nc6 8. Qd2 O-O 9. O-O-O d5 10. Nxc6 bxc6 11. Bc4 Rb8 12. Bb3 Be6 13. e5 Nd7 14. f4 a5 15. Ne2 a4 16. Bxa4 c5 17.
Bxd7 Qxd7 18. Bxc5 Rfc8 19. Ba3 d4 20. Qxd4 Qc6 21. Nc3 Qxg2 22. Rhg1 Qxh2 23. Rd2 Qh4 24. Rgd1 Bh6 25. Rf1 Bh3 26. Qf2 Qg4 27. Rh1 Bxf4 28. Bxe7 Bxd2+ 29. Qxd2 Qf3 30. Re1 Qb7 31. b3 Qxe7 32.
Qf4 Rxc3 33. Kb2 Rbc8 34. Re2 Bf5 0-1

[Event "*** Titled Tuesday Blitz"]
[Site "Chess.com"]
[Date "2018.05.01"]
[Round "9"]
[White "ruvat"]
[Black "51616516516"]
[Result "1-0"]
[WhiteElo "2258"]
[BlackElo "2167"]
[TimeControl "180+2"]
[EndTime "15:01:09 PDT"]
[Termination "ruvat won on time"]

1. d4 Nf6 2. c4 g6 3. Nf3 Bg7 4.
g3 d6 5. Bg2 O-O 6. O-O Nc6 7.
d5 Na5 8. Qa4 c5 9. Bd2 b6 10.
Bc3 Bd7 11. Qc2 a6 12. Nbd2 b5 13. b3 b4 14. Bb2 Nb7 15. e4 a5 16. a4 bxa3 17. Rxa3 Qb6 18. Bc3 Ra7 19. Rfa1 Rfa8 20. h3 Ne8 21. e5 Nc7 22. Ne4 Na6 23. exd6 Nb4 24. Qb2 Bxc3 25. Qxc3 Nxd6 26. Nxd6 Qxd6 27. Re1 a4 28. bxa4 Rxa4 29. Rxa4 Rxa4 30. Ng5 Ra2 31. Qf3 Be8 32. Ne4 Qe5 33. d6 Kg7 34. dxe7 f5 35. Qc3 Qxc3 36. Nxc3 Nd3 37. Rd1 1-0

[Event "*** Titled Tuesday Blitz"]
[Site "Chess.com"]
[Date "2018.05.01"]
[Round "9"]
[White "sergeikim"]
[Black "DrVelja"]
[Result "0-1"]
[WhiteElo "2361"]
[BlackElo "2544"]
[TimeControl "180+2"]
[EndTime "15:01:17 PDT"]
[Termination "DrVelja won by checkmate"]

1. d4 Nf6 2. c4 g6 3. Nc3 Bg7 4. e4 d6 5. Nge2 O-O 6. Ng3 Nbd7 7.
Be2 h5 8. Bg5 c5 9. d5 a6 10. a4 Qb6 11. Qd2 Qb4 12. a5 b5 13.
O-O bxc4 14. Ra4 Qb8 15. Bxc4 Qc7 16. h3 Rb8 17. Be2 Nh7 18. Bxe7 Re8 19. Bh4 Ndf6 20. f4 Rb4 21. Bf3 Bd7 22. Ra2 Qb8 23. Re1 Bb5 24. Nxb5 Qxb5 25. Kh2 Rd4 26. Qc2 Nxd5 27. Nxh5 Nb4 28. Qb1 gxh5 29. Ra3 Nf6 30. Bf2 Rd3 31. Be2 c4 32. Bxd3 Nxd3 33. Rf1 Nxe4 34. Bg1 h4 35. b3 c3 36. b4 Nd2 37. Qc2 Nxf1+ 38. Kh1 Ng3+ 39.
Kh2 Re1 40. Rxc3 Bxc3 41. Qxc3 Nf1+ 42. Kh1 Nf2+ 43. Bxf2 Ng3+ 44. Kh2 Rh1# 0-1

[Event "*** Titled Tuesday Blitz"]
[Site "Chess.com"]
[Date "2018.05.01"]
[Round "9"]
[White "gmcorrales"]
[Black "Alexander_Moskalenko"]
[Result "0-1"]
[WhiteElo "2745"]
[BlackElo "2767"]
[TimeControl "180+2"]
[EndTime "15:01:25 PDT"]
[Termination "Alexander_Moskalenko won on time"]

1. e4 Nf6 2. e5 Nd5 3. d4 d6 4.
c4 Nb6 5. exd6 exd6 6. Nc3 Be7 7. Bd3 O-O 8. Qc2 g6 9. Nge2 Bf6 10. Bh6 Re8 11. O-O-O Nc6 12. a3 Ne7 13. Ne4 Nf5 14.
Nxf6+ Qxf6 15. Bd2 Rxe2 16. Bxe2 Nxd4 17. Qd3 Bf5 18. Qe3 d5 19. c5 Nc4 20. Bxc4 dxc4 21. Rde1 Nb3+ 22. Kd1 Qxb2 23. Qc3 Qa2 24. Ke2 Re8+ 25.
Kf3 Nxd2+ 26. Kf4 Ne4 27. Qd4 Re6 28. g4 Qxf2+ 29. Qxf2 Nxf2 30. Rxe6 Bxe6 31. Rb1 Nd3+ 32. Kg5 Nxc5 33. Kh6 b6 34. a4 a5 35. h4 Bxg4 36. Rg1 Be6 37. h5 Kf8 38. Kxh7 gxh5 39. Kh8 Ke7 40.
Rh1 Nxa4 41. Rxh5 Nc5 42. Rh3 a4 43. Rh7 b5 44. Kg7 a3 45. Rh5 a2 46. Kg8 f5+ 0-1

[Event "*** Titled Tuesday Blitz"]
[Site "Chess.com"]
[Date "2018.05.01"]
[Round "9"]
[White "KRASAVCHIK2002"]
[Black "ilmago"]
[Result "1-0"]
[WhiteElo "2059"]
[BlackElo "1942"]
[TimeControl "180+2"]
[EndTime "15:01:28 PDT"]
[Termination "KRASAVCHIK2002 won on time"]

1. d4 Nf6 2. Nf3 g6 3. Bg5 Bg7 4. Bxf6 Bxf6 5. e3 d6 6. c3 O-O 7. Bd3 Nd7 8. Nbd2 c5 9. h4 cxd4 10. exd4 e5 11. dxe5 Nxe5 12. Nxe5 dxe5 13. Qc2 Bxh4 14. g3 Bf6 15. O-O-O Be6 16. Bc4 Bxc4 17. Nxc4 Qe7 18. Kb1 Rad8 19. Ne3 Qe6 20. Qe4 b6 21.
Nd5 Bg7 22. g4 f5 23. gxf5 gxf5 24. Qc4 Kh8 25. Rh2 h6 26. f3 e4 27. Re2 Rfe8 28.
fxe4 fxe4 29. Qb3 Qg4 30. Rde1 Re5 31. Ne3 Qg5 32. a4 Qe7 33. Nc4 Re6 34. Ne3 Bf6 35.
Nd5 Qh7 36. Nxf6 Rxf6 37. Rxe4 Re8 38. Qc4 Rxe4 39. Rxe4 Rf4 40. Qc8+ 1-0

[Event "*** Titled Tuesday Blitz"]
[Site "Chess.com"]
[Date "2018.05.01"]
[Round "9"]
[White "Zaven_ChessMood"]
[Black "tuttocalabria"]
[Result "1-0"]
[WhiteElo "2859"]
[BlackElo "2451"]
[TimeControl "180+2"]
[EndTime "15:01:35 PDT"]
[Termination "Zaven_ChessMood won by resignation"]

1. e4 d6 2. d4 Nf6 3. Nc3 c6 4. f4 d5 5. e5 Ng8 6. Bd3 g6 7. Nf3 Bg4 8. h3 Bxf3 9. Qxf3 e6 10. Ne2 h5 11. g3 c5 12. c3 Nc6 13. a3 Qb6 14. dxc5 Bxc5 15. b4 Be7 16. Be3 Qc7 17. Rc1 a6 18. c4 dxc4 19. Rxc4 Rd8 20. Be4 Rc8 21. Kf2 Nh6 22. Rhc1 O-O 23. g4 Bh4+ 24. Kg2 Kh7 25. gxh5 Nf5 26. hxg6+ fxg6 27. Bxf5 exf5 28. Nd4 Qf7 29. Nxc6 bxc6 30. Rxc6 Rxc6 31. Qxc6 Rd8 32. e6 Qf6 33. Kf3 Rd3 34. Qb7+ Kh6 35. Rc7 Rxe3+ 36. Kxe3 Qxe6+ 37. Kd3 Qb3+ 38. Rc3 Qd1+ 39. Kc4 Qe2+ 40. Kc5 Bf2+ 41. Kc6 Bd4 42. Rc5 Qe4+ 43. Kb6 Qxf4 44. Qd5 Qe3 45. Kb7 Bxc5 46. bxc5 Qxa3 47. c6 Qb4+ 48. Ka7 Qe7+ 49. Qd7 Qc5+ 50. Ka8 Qb5 51. Qb7 Qe2 52. c7 a5 53. c8=Q a4 54. Qh8+ Kg5 55.
h4+ Kf4 56. Qd4+ Kg3 57. Qg1+ Kf4 58. Qg5+ 1-0